 Dungeon Crawl Stone Soup version 0.15.2 (webtiles) character file.

69 magipi the Chopper (level 4, 0/37 HPs)
             Began as a Hill Orc Skald on Sept 3, 2015.
             Succumbed to an adder's poison
             ... on Level 3 of the Dungeon.
             The game lasted 00:08:28 (1200 turns).

magipi the Chopper (Hill Orc Skald)                 Turns: 1200, Time: 00:08:28

HP   0/37        AC  6     Str 14      XL: 4   Next: 20%
MP   4/6         EV  9     Int 12      God:
Gold 80          SH  0     Dex 11      Spells:  1 memorised,  5 levels left

rFire  . . .     SeeInvis .     a - +0 hand axe
rCold  . . .     Clarity  .     j - +0 ring mail
rNeg   . . .     rCorr    .     (no shield)
rPois  .         rRot     .     (no helmet)
rElec  .         Spirit   .     e - +0 cloak
SustAb .         Warding  .     (no gloves)
rMut   .         Stasis   .     (no boots)
Gourm  .                        (no amulet)
MR     .....                    (no ring)
                                (no ring)

@: lethally poisoned, flying, very slightly contaminated, invisible, not
resistant to hostile enchantments, very unstealthy
A: no striking features
a: no special abilities


You were on level 3 of the Dungeon.
You were hungry.

You visited 1 branch of the dungeon, and saw 3 of its levels.

You collected 80 gold pieces.

Inventory:

Hand weapons
 a - a +0 hand axe (weapon)
Armour
 b - a +0 leather armour
 e - a +0 cloak (worn)
 g - a +2 buckler
 j - a +0 ring mail (worn)
Comestibles
 d - 2 meat rations
 n - 4 fruits
Scrolls
 h - a scroll of remove curse {unknown}
 i - a scroll of enchant armour {unknown}
 k - a scroll of identify {unknown}
 l - 2 scrolls of magic mapping {unknown}
Potions
 p - a potion of invisibility
Books
 c - a book of Battle

   Spells                             Type                      Level
   *Infusion                          Charms                       1
   Shroud of Golubria                 Charms/Translocation         2
   Song of Slaying                    Charms                       2
   Spectral Weapon                    Hexes/Charms                 3
   Regeneration                       Charms/Necromancy            3


   Skills:
 - Level 2.4 Fighting
 + Level 5.8 Axes
 - Level 1.1 Armour
 - Level 0.7 Dodging
 - Level 1.5 Spellcasting
 - Level 2.6 Charms


You had 5 spell levels left.
You knew the following spells:

 Your Spells              Type           Power        Failure   Level  Hunger
a - Infusion              Chrm           #.....       14%         1    ##.....


Dungeon Overview and Level Annotations

Branches:
Dungeon (3/15)

Altars:

Vault maps used:
D:1:      nagdon_arrival_double_spiral
D:3:      overflow_temple_1_default, makhleb_blood_cavern_becter


Message History

The adder bites you.
You are poisoned.
The adder poisons you!
The kobold throws a stone.
The stone hits you but does no damage.
You feel sick.
Casting: Infusion
Confirm with . or Enter, or press ? or * to list all spells.
You begin infusing your attacks with magical energy.
The adder completely misses you.
Unknown command.
You closely miss the adder.
You feel sick. The adder closely misses you. The adder completely misses you.
You closely miss the adder. The adder closely misses you.
You barely miss the adder.
You feel sick. The adder bites you.
You hit the adder.
The adder is moderately wounded.
The adder bites you. The adder bites you but does no damage.
You hit the adder.
The adder is moderately wounded.
The adder bites you but does no damage.
You miss the adder.
The adder is moderately wounded.
The adder barely misses you.
You miss the adder.
The adder is moderately wounded.
You feel sick. The adder bites you but does no damage.
The adder closely misses you.
You barely miss the adder.
The adder is moderately wounded.
The adder bites you but does no damage.
You hit the adder.
The adder is heavily wounded.
Your magical infusion is running out.
The adder bites you but does no damage.
You miss the adder.
The adder is heavily wounded.
The adder barely misses you.
You barely miss the adder.
The adder is heavily wounded.
You are feeling hungry.
You feel sick. The adder barely misses you.
The adder bites you but does no damage.
You barely miss the adder.
The adder is moderately wounded.
The adder bites you but does no damage.
You closely miss the adder.
The adder is moderately wounded.
The adder bites you but does no damage.
You barely miss the adder.
The adder is moderately wounded.
The adder bites you but does no damage. The adder bites you.
You are more poisoned.
The adder poisons you!
You miss the adder.
The adder is moderately wounded.
You are no longer magically infusing your attacks.
You feel sick. The adder bites you but does no damage.
You hit the adder.
The adder is severely wounded.
The adder closely misses you.
You completely miss the adder.
The adder is severely wounded.
You feel sick. The adder closely misses you. The adder bites you.
* * * LOW HITPOINT WARNING * * *
You are more poisoned.
The adder poisons you!
You hit the adder but do no damage.
The adder is severely wounded.
* * * LOW HITPOINT WARNING * * *
You feel sick. The adder bites you.
* * * LOW HITPOINT WARNING * * *
Drink which item? (? for menu, Esc to quit)
You fade into invisibility!
It was a potion of invisibility.
The adder misses you.
You are very lightly contaminated with residual magic.
Drink which item? (? for menu, Esc to quit)
You feel very buoyant.
You fly up into the air.
It was a potion of flight.
* * * LOW HITPOINT WARNING * * *
You feel sick. The adder closely misses you. The adder barely misses you.
You closely miss the adder.
The adder is severely wounded.
* * * LOW HITPOINT WARNING * * *
You feel sick. The adder bites you.
* * * LOW HITPOINT WARNING * * *
You are more poisoned.
The adder poisons you!
You barely miss the adder.
The adder is severely wounded.
* * * LOW HITPOINT WARNING * * *
You feel sick. The adder barely misses you.
You hit the adder but do no damage.
The adder is severely wounded.
* * * LOW HITPOINT WARNING * * *
You feel sick. The adder bites you.
* * * LOW HITPOINT WARNING * * *
You are more poisoned.
The adder poisons you! The adder closely misses you.
An orc comes into view. It is wielding a falchion.
You die...

...# # ##
###...#..# .
#........#.
#.#<...#.....
#.#(##....#
#....).#..#
###S#### #
#.# #...# #o#
#@### #.#
#....o?..(
#.# #########
#.# #.# #.#
#.# #<# ###


You could see an adder and an orc (sleeping).

Table legend:
 A = Kills in this place as a percentage of kills in entire the game.
 B = Kills by you in this place as a percentage of kills by you in the entire game.
 C = Kills by friends in this place as a percentage of kills by friends in the entire game.
 D = Other kills in this place as a percentage of other kills in the entire game.
 E = Experience gained in this place as a percentage of experience gained in the entire game.
 F = Experience gained in this place divided by the number of levels of this place that you have seen.
                   A       B       C       D       E      F
               +-------+-------+-------+-------+-------+----------------------
         Total | 100.0 | 100.0 |  -nan |  -nan | 100.0 |  33.0
       Dungeon | 100.0 | 100.0 |  -nan |  -nan | 100.0 |  33.0
               +-------+-------+-------+-------+-------+----------------------

Vanquished Creatures
  An adder (D:2)
  2 worms (D:2)
  4 giant geckos
  6 bats
  10 hobgoblins
  4 giant cockroaches
  A giant newt (D:2)
  4 goblins
  6 kobolds
  7 rats
45 creatures vanquished.

Notes
Turn   | Place    | Note
--------------------------------------------------------------
     0 | D:1      | magipi, the Hill Orc Skald, began the quest for the Orb.
     0 | D:1      | Reached XP level 1. HP: 18/18 MP: 2/2
   123 | D:1      | Reached skill level 3 in Axes
   193 | D:1      | Reached XP level 2. HP: 16/25 MP: 0/3
   252 | D:1      | Reached skill level 4 in Axes
   462 | D:2      | Reached XP level 3. HP: 12/30 MP: 5/5
   714 | D:2      | Reached skill level 5 in Axes
  1022 | D:2      | Reached XP level 4. HP: 13/37 MP: 6/6
  1199 | D:3      | HP: 1/37 [adder (1)]
  1200 | D:3      | Succumbed to an adder's poison

Action                   |  1- 3 |  4- 6 || total
-------------------------+-------+-------++-------
Melee: Hand axe          |   166 |    44 ||   210
 Cast: Infusion          |     3 |     1 ||     4
  Use: Potion            |       |     2 ||     2
  Eat: Chunk             |     1 |       ||     1

Action                   |  1- 3 |  4- 6 || total
-------------------------+-------+-------++-------
Melee: Hand axe          |   166 |    44 ||   210
 Cast: Infusion          |     3 |     1 ||     4
  Use: Potion            |       |     2 ||     2
  Eat: Chunk             |     1 |       ||     1

Action                   |  1- 3 |  4- 6 || total
-------------------------+-------+-------++-------
Melee: Hand axe          |   166 |    44 ||   210
 Cast: Infusion          |     3 |     1 ||     4
  Use: Potion            |       |     2 ||     2
  Eat: Chunk             |     1 |       ||     1
